AoeStats
← Ser shmingus bingus

Arabia

510362967Analyzed
1v1 RM · 19h ago on Sep 30, 2026· 54m 10s· 2 players
Game mode
Random Map
Map size
Tiny (2 player)
Population
200
Speed
Normal
Resources
Standard
Victory
Conquest
Starting age
Dark Age
Ending age
Imperial Age
RankedLock teamsTeams togetherTeam positionsShared explorationLock speedFull tech treeHidden civsTurbo modeCheats
Victory
Defeat
🇧🇪 Saxons · Belgium
491
+22
🇺🇸 Bulgarians · United States
624
-22
Ser shmingus bingus
10:47 Feudal Age
11:14 Double-Bit Axe
11:40 Horse Collar
13:15 Gold Mining
15:04 Loom
23:15 Castle Age
22:10 Fletching
22:58 Padded Archer Armor
24:33 Heavy Plow
24:47 Bow Saw
26:12 Wheelbarrow
26:25 Crossbowman
29:34 Thumb Ring
30:06 Bodkin Arrow
34:54 Leather Archer Armor
37:00 Arson
43:36 Squires
43:39 Gambesons
51:38 Imperial Age
50:53 Forging
50:44 Scale Mail Armor
52:57 Shield Wall
TimeBot
11:26 Feudal Age
12:24 Double-Bit Axe
21:11 Wheelbarrow
26:48 Castle Age
24:35 Loom
25:52 Forging
25:33 Fletching
27:22 Elite Skirmisher
32:39 Bow Saw
33:16 Iron Casting
32:47 Scale Barding Armor
33:24 Bloodlines
39:35 Hand Cart
46:41 Imperial Age
55:36 Blast Furnace
54:57 Chain Barding Armor
Connection lost

Rejoining the realm…

Still unreachable

The connection could not be restored.

Session expired

The server has moved on; the page needs a fresh start.